Map: Darkness Sanctuary LE

Players

Bly - Winner!

  • Race: Zerg Zerg
  • Spawn Location: 1:00

Optimus

  • Race: Terran Terran
  • Spawn Location: 11:00

Event: WCS Valencia 2018

VOD

Have the link to the VOD?

Description

Time

  • Played on: July 12, 2018, 9:19 a.m.
  • Length: 5:36

All games in this series

Show
View Real Time Build Order
Export as new Build Order

Bly Zerg - Winner!

Build Orders: Pool First 

Get SALT Encoding   

  12  0:01  Drone  
  13  0:12  Overlord  
  13  0:17  Drone  
  14  0:30  Drone x2  
  16  0:40  Spawning Pool  
  15  0:44  Drone  
  15  0:48  Drone  
  17  1:08  Hatchery  
  16  1:11  Drone  
  16  1:14  Drone  
  18  1:18  Extractor  
  17  1:27  Zergling x2  
  17  1:28  Zergling x2  
  19  1:33  Queen  
  19  1:39  Overlord  
  21  1:49  Drone  
  22  1:59  Drone  
  23  2:09  Queen  
  25  2:16  Drone  
  25  2:20  Drone  
  27  2:23  Drone  
  27  2:24  Queen  
  30  2:30  Metabolic Boost  
  31  2:37  Drone x2  
  31  2:43  Overlord  
  31  2:55  Drone x2  
  31  2:56  Drone x2  
  34  3:00  Overlord  
  34  3:05  Drone  
  35  3:12  Hatchery  
  34  3:13  Drone  
  34  3:15  Drone  
  36  3:23  Drone  
  36  3:33  Overlord  
  36  3:37  Zergling x14  
  43  3:42  Queen  
  43  3:44  Drone  
  46  3:54  Zergling x2  
  46  3:55  Zergling x2  
  48  3:59  Overlord  
  48  4:03  Overlord  
  48  4:11  Drone  
  48  4:13  Queen  
  51  4:24  Zergling x10  
  54  4:28  Drone  
  54  4:29  Drone x3  
  58  4:33  Roach Warren, Extractor  
  56  4:40  Zergling x2  
  56  4:41  Zergling x4  
  59  4:55  Overlord  
  59  4:56  Drone x3  
  59  4:57  Drone  
  62  5:11  Overlord  
  56  5:27  Spore Crawler  
Show
View Real Time Build Order
Export as new Build Order

Optimus Terran 

Build Orders: Reaper Expand 

Get SALT Encoding   

  12  0:00  SCV  
  13  0:12  SCV  
  14  0:17  Supply Depot  
  14  0:24  SCV  
  15  0:39  SCV  
  15  0:40  Barracks  
  16  0:44  Refinery  
  16  0:51  SCV  
  17  1:03  SCV  
  18  1:15  SCV  
  19  1:27  Reaper  
  19  1:28  Orbital Command  
  20  1:39  Command Center  
  20  1:49  Supply Depot  
  20  1:54  SCV  
  21  1:59  Marine  
  22  2:04  Factory  
  22  2:08  SCV  
  23  2:13  Refinery  
  23  2:20  SCV  
  24  2:22  Barracks Reactor  
  24  2:32  SCV  
  26  2:44  SCV  
  26  2:50  Hellion  
  28  2:56  SCV  
  28  2:58  Starport  
  28  3:03  Marine x2  
  30  3:08  Orbital Command, SCV  
  31  3:13  Cyclone  
  34  3:20  SCV  
  34  3:25  Marine x2  
  37  3:32  Supply Depot, SCV  
  38  3:35  Medivac  
  38  3:37  SCV  
  41  3:44  SCV  
  42  3:49  SCV  
  42  3:50  Armory  
  43  3:56  Hellion x2, SCV  
  43  4:01  SCV  
  49  4:08  SCV  
  50  4:11  Supply Depot  
  50  4:15  SCV  
  51  4:18  Hellion  
  51  4:20  Hellion  
  51  4:21  SCV  
  54  4:25  Liberator  
  54  4:38  Supply Depot  
  54  4:43  SCV x2  
  61  4:47  Supply Depot  
  61  4:48  Hellion  
  61  4:50  Hellion  
  63  4:55  SCV x2  
  63  5:07  SCV x2  
  63  5:09  Hellion  
  63  5:11  Hellion  
  55  5:19  SCV x2  
Tags
 
Add a new tag
Caveats
  • Supply blocks, unpowered buildings, or Contaminate may cause inaccurate times.
  • Supply counts are checked every 10 seconds.